 Dungeon Crawl Stone Soup version 0.22.1-1-ga44c0e5 (webtiles) character file.

11509 MalarOregon the Carver (level 11, -5/99 HPs)
             Began as a Minotaur Fighter on Sept 24, 2018.
             Was a Believer of Yredelemnul.
             Slain by an entropy weaver (14 damage)
             ... on level 1 of the Lair of Beasts on Sept 25, 2018.
             The game lasted 00:23:42 (10503 turns).

MalarOregon the Carver (Minotaur Fighter)          Turns: 10503, Time: 00:23:43

Health: -5/99      AC:  3    Str: 25    XL:     11   Next: 50%
Magic:  10/10      EV: 11    Int:  8    God:    Yredelemnul [**....]
Gold:   325        SH: 17    Dex:  9    Spells: 10/10 levels left

rFire    . . .     SeeInvis .   a - +6 long sword "Minotaur's Foe" {chaos, Int+3}
rCold    + . .     Gourm    +   M - +0 large shield
rNeg     + . .     Faith    .   C - +4 ring mail of the Ladybird {rC+ rN+ Regen+}
rPois    +         Spirit   .   (helmet restricted)
rElec    .         Reflect  .   (no cloak)
rCorr    .         Harm     .   (no gloves)
MR       .....                  F - +0 pair of boots
Stlth    ..........             p - amulet of the gourmand
HPRegen  0.66/turn              r - +3 ring of protection
MPRegen  0.12/turn              i - ring of poison resistance

@: injury mirror, corroded, very slightly contaminated
A: retaliatory headbutt, horns 2, screaming 1, MP-powered wands
a: Animate Remains, Recall Undead Slaves, Injury Mirror, Renounce Religion


You were on level 1 of the Lair of Beasts.
You worshipped Yredelemnul.
Yredelemnul was pleased with you.
You were full.

You visited 3 branches of the dungeon, and saw 13 of its levels.
You also visited: Ossuary.

You collected 893 gold pieces.
You spent 568 gold pieces at shops.

Inventory:

Hand Weapons
 a - the +6 long sword "Minotaur's Foe" (weapon) {chaos, Int+3}
   (You bought it in a shop on level 8 of the Dungeon)

   Each time it hits an enemy it has a different, random effect.
   It affects your intelligence (+3).
 b - a +2 short sword of flaming
   (You took it off Duvessa on level 5 of the Dungeon)
Missiles
 t - 5 throwing nets {!f}
 E - 7 tomahawks (quivered)
Armour
 C - the +4 ring mail of the Ladybird (worn) {rC+ rN+ Regen+}
   (You found it on level 5 of the Dungeon)

   It protects you from cold.
   It protects you from negative energy.
   It increases your rate of regeneration.
 F - a +0 pair of boots (worn)
   (You found it on level 10 of the Dungeon)
 M - a +0 large shield (worn)
   (You bought it in a shop on level 10 of the Dungeon)
Jewellery
 i - a ring of poison resistance (right hand)
   (You found it on level 1 of the Dungeon)
 p - an amulet of the gourmand (around neck)
   (You found it on level 4 of the Dungeon)
 r - a +3 ring of protection (left hand)
   (You found it on level 4 of the Dungeon)
Wands
 c - a wand of disintegration (13)
   (You found it on level 5 of the Dungeon)
 d - a wand of iceblast (10)
   (You took it off a gnoll on level 3 of the Dungeon)
 u - a wand of paralysis (14)
   (You found it on level 8 of the Dungeon)
 v - a wand of digging (45)
   (You took it off Terence on level 3 of the Dungeon)
 x - a wand of acid (8)
   (You found it on level 7 of the Dungeon)
 L - a wand of polymorph (1)
   (You found it on level 9 of the Dungeon)
Scrolls
 g - a scroll of enchant weapon {unknown}
 o - 2 scrolls of fog
 q - 5 scrolls of remove curse {@r2}
 s - 4 scrolls of enchant armour
 w - 3 scrolls of teleportation {@r4}
 D - 2 scrolls of blinking
 I - a scroll of immolation {!r}
 K - 2 scrolls of magic mapping
Potions
 f - 2 potions of might
 h - 4 potions of curing {@q1}
 k - 2 potions of haste {@q3}
 l - 3 potions of flight
 n - 2 potions of mutation {!q}
 z - 3 potions of berserk rage
 A - 5 potions of cancellation
 B - 4 potions of lignification {!q}
 G - a potion of magic
 H - a potion of resistance
 J - 2 potions of heal wounds {@q2}
Comestibles
 e - 28 rations {!d}


   Skills:
 + Level 9.6 Fighting
 * Level 12.5 Long Blades
 + Level 1.2 Throwing
 + Level 9.5 Armour
 + Level 8.0 Dodging
 + Level 9.7 Shields
 + Level 1.1 Invocations
 * Level 1.3 Evocations


You had 10 spell levels left.
You didn't know any spells.
Your spell library was empty.

Dungeon Overview and Level Annotations

Branches:
Dungeon (10/15)            Temple (1/1) D:7            Lair (2/6) D:8
    Orc (0/2) D:10
  Swamp: Lair:2-4    Shoals: Lair:2-4     Snake: Lair:2-4    Spider: Lair:2-4

Altars:
Ashenzari
Cheibriados
Dithmenos
Elyvilon
Fedhas
Gozag
Hepliaklqana
Kikubaaqudgha
Makhleb
Nemelex Xobeh
Okawaru
Qazlal
Ru
Sif Muna
Trog
Uskayaw
Vehumet
Wu Jian
Xom
Yredelemnul
Zin
The Shining One

Shops:
D:8 (   D:10 [

Annotations:
D:4 3 runed doors, KomradDre's ghost, amateur MiFi


Innate Abilities, Weirdness & Mutations

You reflexively headbutt those who attack you in melee.
You have a pair of horns on your head.
You occasionally shout uncontrollably at your foes.
You expend magic power (3 MP) to strengthen your wands.


Message History

The entropy weaver hits you but does no damage.
You block the entropy weaver's attack.
You hit the entropy weaver.
Space warps horribly around the entropy weaver!
You headbutt the entropy weaver. The entropy weaver hits you!
* * * LOW HITPOINT WARNING * * *
The entropy weaver hits you.
* * * LOW HITPOINT WARNING * * *
You block the entropy weaver's attack. x2
You barely miss the entropy weaver.
You headbutt the entropy weaver, but do no damage.
You block the entropy weaver's attack. x3; The entropy weaver hits you!
* * * LOW HITPOINT WARNING * * *
Unknown command.
You block the entropy weaver's attack. x2; The entropy weaver hits you.
* * * LOW HITPOINT WARNING * * *
The entropy weaver hits you!
* * * LOW HITPOINT WARNING * * *
Blink to where?
You are very lightly contaminated with residual magic.
As you read the scroll of blinking, it crumbles to dust.
Throwing (i - inventory. (/) - cycle)
E - 10 tomahawks (quivered)
Aim: an entropy weaver (translocational energy, heavily wounded, poisoned)
You throw a tomahawk.
The tomahawk hits the entropy weaver but does no damage.
Throwing (i - inventory. (/) - cycle)
E - 9 tomahawks (quivered)
Aim: an entropy weaver (heavily wounded, poisoned)
You throw a tomahawk.
The tomahawk hits the entropy weaver but does no damage.
Throwing (i - inventory. (/) - cycle)
E - 8 tomahawks (quivered)
Aim: an entropy weaver (heavily wounded, poisoned)
You throw a tomahawk.
The tomahawk completely misses the entropy weaver.
You fail to use your ability.
You offer yourself to Yredelemnul, and are filled with unholy energy.
The entropy weaver hits you.
* * * LOW HITPOINT WARNING * * *
Yredelemnul mirrors your injury! The entropy weaver hits you.
* * * LOW HITPOINT WARNING * * *
Yredelemnul mirrors your injury!
You block the entropy weaver's attack. x2
Your shield prevents you from hitting the entropy weaver.
Your headbutt misses the entropy weaver.
You block the entropy weaver's attack. The entropy weaver hits you!
* * * LOW HITPOINT WARNING * * *
Yredelemnul mirrors your injury! The entropy weaver hits you!
You die...
Your body rises from the dead as a mindless zombie.

.......#....+......#.##..##..+...
.......#...........#..#......###.
.......#....#......#..#.>....'...
.......#....#......#......######.
.###.###....#......#...#### ##.
............#######.....P######..
.................................
........./.......................
................@a....((.........
.................P........P####.#
...........##.#.P.###....P.......
#.#####....#........#....#.......
#.##.##....#.....................
.....##)...'........#............
...........#........#....#.......
.....P#....#.....)...............
....................#............


You could see an entropy weaver.

Vanquished Creatures
  A great orb of eyes (Lair:1)
  Harold (D:7)
  A two-headed ogre (D:8)
  3 spiny frogs
  A komodo dragon (D:8)
  2 trolls
  2 hornets
  5 blink frogs (Lair:1)
  A hippogriff (D:10)
  A hungry ghost (D:3)
  3 water moccasins
  Duvessa (D:5)
  2 orc warriors
  A porcupine (Lair:1)
  2 sky beasts
  3 phantoms
  2 black bears
  11 ogres
  3 necrophages
  5 centaurs
  2 crocodiles (Lair:1)
  2 big kobolds
  3 bullfrogs
  A wyvern zombie (D:10)
  Dowan (D:5)
  A wyvern skeleton (D:6)
  5 killer bees (D:8)
  7 howler monkeys
  2 crimson imps
  3 centaur zombies
  A bullfrog zombie (D:7)
  5 hounds
  A quasit (D:5)
  3 bullfrog skeletons
  3 jellies
  9 orc wizards
  9 orc priests
  3 centaur skeletons
  Terence (D:3)
  2 iguanas
  10 worker ants
  A hound zombie (D:6)
  8 mummies (Ossuary)
  A howler monkey zombie (D:2)
  8 adders
  3 gnolls (D:3)
  3 shadow imps
  2 adder skeletons
  4 worms
  13 leopard geckos
  34 orcs
  5 giant cockroaches
  10 goblins
  7 hobgoblins
  12 jackals
  5 quokkas
  A ball python (D:1)
  4 bats
  6 frilled lizards
  2 gnoll zombies (Ossuary)
  3 hobgoblin zombies (Ossuary)
  17 kobolds
  2 leopard gecko skeletons
  A leopard gecko zombie (D:8)
  3 orc zombies (Ossuary)
  11 rats
291 creatures vanquished.

Vanquished Creatures (others)
  A tyrant leech (Lair:1)
  A fungus (Lair:1)
  27 plants
29 creatures vanquished.

Grand Total: 320 creatures vanquished

Notes
Turn   | Place    | Note
-------+----------+-------------------------------------------
     0 | D:1      | MalarOregon the Minotaur Fighter began the quest for the
                  | Orb.
     0 | D:1      | Reached XP level 1. HP: 19/19 MP: 0/0
    86 | D:1      | Reached XP level 2. HP: 20/27 MP: 1/1
   174 | D:1      | Reached skill level 3 in Long Blades
   227 | D:1      | Reached skill level 1 in Dodging
   737 | D:2      | Reached XP level 3. HP: 33/33 MP: 2/2
   794 | D:2      | Found a sparkling altar of Nemelex Xobeh.
   797 | D:2      | Found a hazy altar of Hepliaklqana.
   797 | D:2      | Found a sacrificial altar of Ru.
   798 | D:2      | Found a radiant altar of Vehumet.
   801 | D:2      | Found an ornate altar of the Wu Jian Council.
  1222 | D:2      | Reached XP level 4. HP: 30/40 MP: 3/3
  1315 | D:2      | Noticed a moth of wrath
  1317 | D:2      | Found a bloodstained altar of Trog.
  1394 | D:3      | Reached skill level 4 in Long Blades
  1408 | D:3      | Reached XP level 5. HP: 12/46 MP: 4/4
  2257 | D:3      | Noticed Terence
  2269 | D:3      | Killed Terence
  2320 | D:3      | Noticed a hungry ghost
  2326 | D:3      | Reached XP level 6. HP: 46/53 MP: 5/5
  2336 | D:3      | Killed a hungry ghost
  2336 | D:3      | Reached skill level 5 in Long Blades
  2465 | D:4      | Found a sacrificial altar of Ru.
  2647 | D:4      | Found a deep blue altar of Sif Muna.
  2676 | D:4      | Found a runed gate.
  2678 | D:4      | Found a runed gate.
  2679 | D:4      | Found a runed gate.
  2720 | D:4      | Reached skill level 5 in Fighting
  2757 | D:4      | Noticed an ice beast
  2757 | D:4      | Noticed KomradDre's ghost (amateur MiFi)
  2759 | D:4      | Noticed an ice beast
  2768 | D:4      | Found a stormy altar of Qazlal.
  2953 | D:4      | Reached skill level 5 in Armour
  2953 | D:4      | Reached skill level 5 in Shields
  2953 | D:4      | Reached XP level 7. HP: 60/61 MP: 6/6
  3260 | D:5      | Entered Level 5 of the Dungeon
  3270 | D:5      | Found a sand-covered staircase.
  3273 | D:5      | Noticed Duvessa
  3274 | D:5      | Noticed Dowan
  3291 | D:5      | Killed Duvessa
  3291 | D:5      | Reached skill level 6 in Long Blades
  3309 | D:5      | Killed Dowan
  3318 | Ossuary  | Entered an ossuary
  3683 | D:5      | Got a diamond-encrusted ring mail
  3737 | D:5      | Reached XP level 8. HP: 59/70 MP: 7/7
  3749 | D:5      | Reached skill level 7 in Long Blades
  4137 | D:5      | Found a shadowy altar of Dithmenos.
  4551 | D:6      | Reached skill level 8 in Long Blades
  4618 | D:6      | Found a shimmering altar of Xom.
  4934 | D:7      | Noticed a hornet
  4957 | D:6      | Killed a hornet
  4957 | D:6      | Reached skill level 5 in Dodging
  4957 | D:6      | Reached XP level 9. HP: 22/77 MP: 8/8
  5304 | D:7      | Reached skill level 9 in Long Blades
  5519 | D:7      | Paralysed by a hornet for 3 turns
  5533 | D:7      | HP: 3/77 [hornet (12)]
  5534 | D:7      | Paralysed by a hornet for 2 turns
  5824 | D:7      | Identified the +4 ring mail of the Ladybird {rC+ rN+
                  | Regen+} (You found it on level 5 of the Dungeon)
  6137 | D:7      | Noticed Harold
  6163 | D:7      | Killed Harold
  6163 | D:7      | Reached skill level 10 in Long Blades
  6163 | D:7      | Reached XP level 10. HP: 66/88 MP: 9/9
  6219 | D:7      | Found a staircase to the Ecumenical Temple.
  6298 | Temple   | Entered the Ecumenical Temple
  6309 | Temple   | Became a worshipper of Yredelemnul the Dark
  6439 | D:7      | Found a burning altar of Makhleb.
  6439 | D:7      | Found a glowing silver altar of Zin.
  6440 | D:7      | Noticed an angel
  6440 | D:7      | Noticed a cacodemon
  6531 | D:8      | Noticed a two-headed ogre
  6843 | D:8      | Gained mutation: You occasionally shout uncontrollably at
                  | your foes. [potion of mutation]
  6843 | D:8      | Gained mutation: You expend magic power (3 MP) to
                  | strengthen your wands. [potion of mutation]
  6884 | D:8      | Reached * piety under Yredelemnul
  7039 | D:8      | Found Muc Kole's Weapon Emporium.
  7047 | D:8      | Bought the +6 long sword "Minotaur's Foe" {chaos, Int+3}
                  | for 496 gold pieces
  7062 | D:8      | Killed a two-headed ogre
  7062 | D:8      | Reached skill level 11 in Long Blades
  7072 | D:8      | Found a staircase to the Lair.
  7596 | D:9      | Got an ancient flail
  8015 | D:10     | Entered Level 10 of the Dungeon
  8051 | D:10     | Found a staircase to the Orcish Mines.
  8231 | D:10     | Found Ejideadgh's Armour Shop.
  8239 | D:10     | Bought a +0 large shield for 72 gold pieces
  8348 | D:10     | Reached XP level 11. HP: 97/97 MP: 10/10
  8658 | D:10     | Reached skill level 12 in Long Blades
  8785 | Lair:1   | Entered Level 1 of the Lair of Beasts
  8803 | Lair:1   | Reached ** piety under Yredelemnul
  8873 | Lair:1   | Noticed an eight-headed hydra
  9478 | Lair:1   | Noticed a great orb of eyes
  9478 | Lair:1   | an eight-headed hydra changed into a great orb of eyes
  9487 | Lair:1   | Paralysed by a great orb of eyes for 4 turns
  9492 | Lair:1   | Killed a great orb of eyes
  9629 | Lair:2   | Reached skill level 1 in Throwing
  9674 | Lair:2   | Noticed a six-headed hydra
  9681 | Lair:2   | Reached skill level 1 in Invocations
  9681 | Lair:2   | Reached skill level 1 in Evocations
  9684 | Lair:2   | Noticed an emperor scorpion
  9684 | Lair:2   | a six-headed hydra changed into an emperor scorpion
 10043 | Lair:1   | HP: 2/99 [something (9)]
 10387 | Lair:1   | Noticed an entropy weaver
 10387 | Lair:1   | a tyrant leech changed into an entropy weaver
 10503 | Lair:1   | Slain by an entropy weaver

Skill      XL: |  1  2  3  4  5  6  7  8  9 10 11 |
---------------+----------------------------------+-----
Long Blades    | 3 4 5 6 8 10 11 12 | 12.5
Dodging        | 1 2 3 5 6 7 8 |  8.0
Fighting       | 4 5 6 8 9 |  9.6
Armour         | 4 5 6 7 9 |  9.5
Shields        | 4 5 7 8 9 |  9.7
Throwing       | 1 |  1.2
Invocations    | 1 |  1.1
Evocations     | 1 |  1.3

Action                   |  1- 3 |  4- 6 |  7- 9 | 10-12 || total
-------------------------+-------+-------+-------+-------++-------
Melee: Long sword        |   124 |   121 |   257 |   252 ||   754
       Headbutt          |    22 |    23 |    96 |    81 ||   222
       Falchion          |       |       |   195 |   162 ||   357
       Short sword       |       |       |       |     7 ||     7
Throw: Tomahawk          |       |       |       |    11 ||    11
Invok: Injury Mirror     |       |       |       |     1 ||     1
Evoke: Wand              |       |       |       |    10 ||    10
  Use: Scroll            |       |     6 |     2 |    15 ||    23
       Potion            |       |       |     3 |     5 ||     8
 Stab: Paralysed         |       |       |       |     4 ||     4
  Eat: Chunk             |     1 |     5 |    23 |    10 ||    39
       Ration            |       |     1 |       |       ||     1
Armor: Scale mail        |    67 |    21 |       |       ||    88
       Chain mail        |       |    27 |   171 |       ||   198
       Ring mail         |       |       |    20 |   107 ||   127
       Skin              |       |       |       |    36 ||    36
Dodge: Dodged            |    31 |    30 |   190 |   141 ||   392
Block: Shield            |    70 |    64 |   294 |   166 ||   594
       Large shield      |       |       |       |   160 ||   160
       Rpst.: Long sword |     3 |    10 |    13 |    12 ||    38
       Falchion          |       |       |    37 |    17 ||    54
